[Event "120'/40 Runde 1"]
[Site "zt"]
[Date "2004.09.17"]
[Round "1"]
[White "Oberst, Thomas"]
[Black "Grupp, Berthold"]
[Result "1-0"]
[ECO "C05"]
[WhiteElo "2280"]
[BlackElo "1730"]
[Annotator ",Fred"]
[PlyCount "65"]
[EventDate "2004.??.??"]
[TimeControl "40/7200:0"]

{304MB, Fritz8.ctg, SCHACHCOM} 1. e4 e6 2. d4 d5 3. Nd2 Nf6 4. e5 Nfd7 5. f4 c5
6. c3 Nc6 7. Ngf3 Qb6 8. Nb3 a5 9. Rb1 a4 10. Na1 cxd4 11. cxd4 Bb4+ 12. Kf2
O-O 13. Nc2 Be7 14. Be3 Qa7 15. Bd3 f5 16. h3 Nb6 17. Qe2 Na5 18. b3 Nd7 19. g4
b6 20. gxf5 exf5 21. b4 Nc6 22. Bd2 Nd8 23. Ne3 g6 24. Nxd5 Re8 25. Nxe7+ Rxe7
26. Bc4+ Kg7 27. Be3 Ba6 28. b5 Bb7 29. d5 Nc5 30. Bxc5 bxc5 31. Rhd1 Nf7 32.
d6 Bxf3 33. Qxf3 1-0

[Event "120'/40 Runde1"]
[Site "zt"]
[Date "2004.09.17"]
[Round "1"]
[White "Kühn, Bernd"]
[Black "Meyer, Roland"]
[Result "1/2-1/2"]
[ECO "A08"]
[WhiteElo "1704"]
[BlackElo "2101"]
[Annotator ",Fred"]
[PlyCount "76"]
[EventDate "2004.??.??"]
[TimeControl "40/7200:0"]

{304MB, Fritz8.ctg, SCHACHCOM} 1. Nf3 d5 2. g3 Nf6 3. Bg2 e6 4. O-O c5 5. d3
Be7 6. Nbd2 Nc6 7. e4 O-O 8. c3 b5 9. e5 Nd7 10. d4 a5 11. Re1 cxd4 12. cxd4 a4
13. a3 Qb6 14. Nf1 Ba6 15. Bf4 b4 16. Ne3 Bb5 17. h4 Na5 18. Bg5 Bxg5 19. Nxg5
Nb3 20. Qh5 h6 21. Ng4 hxg5 22. hxg5 Bd3 23. Be4 Bxe4 24. Rxe4 dxe4 25. Nf6+
Nxf6 26. gxf6 Rfc8 27. Qg5 Kf8 28. fxg7+ Kg8 29. Qh6 f5 30. Rd1 Rc1 31. Rxc1
Nxc1 32. Qh8+ Kf7 33. Qxa8 Kxg7 34. Qe8 Ne2+ 35. Kg2 Nxd4 36. Qe7+ Kg8 37. Qe8+
Kg7 38. Qe7+ Kg8 1/2-1/2

[Event "120'/40 Runde1"]
[Site "zt"]
[Date "2004.09.17"]
[Round "1"]
[White "Lainburg, Viktor"]
[Black "Lepschi, Albert"]
[Result "1-0"]
[ECO "D04"]
[WhiteElo "2070"]
[BlackElo "1699"]
[Annotator ",Fred"]
[PlyCount "65"]
[EventDate "2004.??.??"]
[TimeControl "40/7200:0"]

{304MB, Fritz8.ctg, SCHACHCOM} 1. d4 Nf6 2. Nf3 d5 3. e3 Bf5 4. Be2 e6 5. Nh4
Bg6 6. Nd2 Be7 7. O-O Nbd7 8. Nxg6 hxg6 9. Nf3 c6 10. c4 Qc7 11. h3 O-O 12. b3
Ne4 13. Bb2 dxc4 14. bxc4 Qa5 15. Qc2 Ng5 16. Nd2 Nh7 17. e4 Rac8 18. e5 f5 19.
c5 b5 20. a4 b4 21. Bc4 Rfd8 22. Bxe6+ Kh8 23. Rfe1 Ng5 24. Bb3 Nf8 25. Nc4 Qc7
26. Nd6 Rb8 27. h4 Nge6 28. Nf7+ Kg8 29. Nxd8 Qxd8 30. h5 Kh8 31. hxg6 Nxd4 32.
Bxd4 Qxd4 33. Re3 1-0

[Event "120'/40 Runde1"]
[Site "zt"]
[Date "2004.09.17"]
[Round "1"]
[White "Gonzalez, Juan Jose"]
[Black "Schulze, Andreas"]
[Result "0-1"]
[ECO "D94"]
[WhiteElo "1697"]
[BlackElo "2060"]
[Annotator ",Fred"]
[PlyCount "96"]
[EventDate "2004.??.??"]
[TimeControl "40/7200:0"]

{304MB, Fritz8.ctg, SCHACHCOM} 1. d4 Nf6 2. Nf3 g6 3. c4 Bg7 4. Nc3 d5 5. e3
O-O 6. b3 c5 7. Bb2 Nc6 8. cxd5 Nxd5 9. Nxd5 Qxd5 10. Bc4 Qd8 11. O-O Bg4 12.
h3 Bxf3 13. Qxf3 cxd4 14. Rad1 Qb6 15. exd4 Nxd4 16. Bxd4 Bxd4 17. Qe4 e5 18.
Kh1 Kg7 19. f4 f5 20. Qd3 Rad8 21. fxe5 Bxe5 22. Qf3 Qc7 23. Rc1 b6 24. Ba6 Qd6
25. Rc6 Qd2 26. Re6 Bf6 27. a4 Rfe8 28. Qb7+ Rd7 29. Qc6 Rxe6 30. Qxe6 Re7 31.
Qc8 Qd7 32. Qa8 Re8 33. Qf3 Re4 34. g4 Qe7 35. gxf5 Re3 36. Qg4 Rxb3 37. fxg6
Rb4 38. Qg2 hxg6 39. Bd3 g5 40. Bb5 Rb2 41. Qa8 Qe5 42. Qb7+ Be7 43. Rf7+ Kxf7
44. Qf3+ Kg7 45. Be2 Rxe2 46. Kg1 Bc5+ 47. Kf1 Re1+ 48. Kg2 Rg1# 0-1

[Event "120'/40 Runde1"]
[Site "zt"]
[Date "2004.09.17"]
[Round "1"]
[White "Wolf, Rainer"]
[Black "Mouratidis, Charalampos"]
[Result "1-0"]
[ECO "A05"]
[WhiteElo "2048"]
[BlackElo "1666"]
[Annotator ",Fred"]
[PlyCount "100"]
[EventDate "2004.??.??"]
[TimeControl "40/7200:0"]

{304MB, Fritz8.ctg, SCHACHCOM} 1. Nf3 Nf6 2. e3 c5 3. Be2 Nc6 4. d4 e6 5. O-O
Be7 6. c4 d5 7. b3 Nd7 8. Bb2 Bf6 9. cxd5 exd5 10. Nc3 cxd4 11. exd4 Nb6 12. a4
a5 13. Ba3 Be7 14. Bc5 Be6 15. Bb5 O-O 16. Bxc6 bxc6 17. Ne5 Rc8 18. Nd3 Nd7
19. Bxe7 Qxe7 20. Re1 Qf6 21. Ne2 Bf5 22. Rc1 Qd8 23. Nc5 Nf6 24. Ng3 Bd7 25.
Qd2 Rb8 26. Qf4 Rb4 27. h4 Qb8 28. Qxb8 Rbxb8 29. Nh5 Rfd8 30. Nxf6+ gxf6 31.
Re7 Be8 32. Rce1 Kf8 33. Ra7 Rb4 34. Rd1 h5 35. Rxa5 Bd7 36. Ra7 Bf5 37. Rd2
Rdb8 38. a5 Rxb3 39. Nxb3 Rxb3 40. Ra8+ Kg7 41. a6 Ra3 42. a7 c5 43. dxc5 Bd7
44. Kh2 Ra4 45. g3 d4 46. g4 hxg4 47. Rd8 Rxa7 48. Rxd4 Be6 49. c6 Rc7 50. R4d6
Kg6 1-0

[Event "120'/40 Runde1"]
[Site "zt"]
[Date "2004.09.17"]
[Round "1"]
[White "Geisdorf, Uwe"]
[Black "Mayer, Arnd"]
[Result "0-1"]
[ECO "E92"]
[WhiteElo "1650"]
[BlackElo "2020"]
[Annotator ",Fred"]
[PlyCount "64"]
[EventDate "2004.??.??"]
[TimeControl "40/7200:0"]

{304MB, Fritz8.ctg, SCHACHCOM} 1. d4 Nf6 2. c4 g6 3. Nc3 Bg7 4. e4 d6 5. Nf3
O-O 6. Be2 e5 7. dxe5 dxe5 8. Qxd8 Rxd8 9. O-O Nc6 10. Bg5 Be6 11. Nd5 Bxd5 12.
cxd5 Nb8 13. Rac1 c6 14. dxc6 Nxc6 15. Bb5 Nd4 16. Nxd4 Rxd4 17. Bxf6 Bxf6 18.
Rc7 a6 19. Bc4 Rf8 20. Bd5 b6 21. b3 a5 22. a4 Bg5 23. g3 Kg7 24. h4 Bd8 25.
Rd7 g5 26. hxg5 Bxg5 27. f4 Bf6 28. fxe5 Bxe5 29. Rfxf7+ Rxf7 30. Rxf7+ Kg6 31.
Rf3 Rd2 32. Rf2 Bd4 0-1

[Event "120'/40 Runde1"]
[Site "zt"]
[Date "2004.09.17"]
[Round "1"]
[White "Neidlinger, Markus"]
[Black "Kowalski, Hans-Michael"]
[Result "1-0"]
[ECO "C00"]
[WhiteElo "2000"]
[BlackElo "1650"]
[Annotator ",Fred"]
[PlyCount "33"]
[EventDate "2004.??.??"]
[TimeControl "40/7200:0"]

{304MB, Fritz8.ctg, SCHACHCOM} 1. e4 e6 2. d4 c6 3. Nf3 d5 4. exd5 cxd5 5. Be3
Nf6 6. c4 Be7 7. Nbd2 Nc6 8. a3 a5 9. Bd3 Ng4 10. O-O f5 11. cxd5 exd5 12. Rc1
O-O 13. Nb3 Nxe3 14. fxe3 f4 15. e4 Bg5 16. exd5 Qxd5 17. Bc4 1-0

[Event "120'/40 Runde1"]
[Site "zt"]
[Date "2004.09.17"]
[Round "1"]
[White "Topalovic, Ljubisav"]
[Black "Gebhardt, Uwe"]
[Result "0-1"]
[ECO "B06"]
[WhiteElo "1618"]
[BlackElo "1980"]
[Annotator ",Fred"]
[PlyCount "55"]
[EventDate "2004.??.??"]
[TimeControl "40/7200:0"]

{304MB, Fritz8.ctg, SCHACHCOM} 1. e4 g6 2. d4 Bg7 3. Nf3 d6 4. Bd3 Nc6 5. c3 e5
6. d5 Nce7 7. Bb5+ c6 8. dxc6 bxc6 9. Bd3 Nf6 10. O-O O-O 11. Re1 Ne8 12. Be3
h6 13. h4 f5 14. exf5 gxf5 15. Nh2 f4 16. Bd2 Nf5 17. Bxf5 Bxf5 18. g3 Rb8 19.
b4 Rb7 20. Na3 d5 21. g4 Bc8 22. h5 f3 23. Nc2 Qh4 24. Ne3 e4 25. Qb3 Nf6 26.
Nef1 Nxg4 27. Rxe4 Qxf2+ 28. Kh1 0-1

[Event "120'/40 Runde1"]
[Site "zt"]
[Date "2004.09.17"]
[Round "1"]
[White "Madeo, Giovanni"]
[Black "Jahn, Manfred"]
[Result "1/2-1/2"]
[ECO "B02"]
[WhiteElo "1877"]
[BlackElo "1596"]
[Annotator ",Fred"]
[PlyCount "124"]
[EventDate "2004.??.??"]
[TimeControl "40/7200:0"]

{304MB, Fritz8.ctg, SCHACHCOM} 1. e4 Nf6 2. Nc3 d5 3. exd5
Nxd5 4. Bc4 Nxc3 5. Qf3 e6 6. Qxc3 Qd6 7. b3 Bd7 8. Bb2 Bc6 9. Nf3 Nd7 10. O-O
O-O-O 11. Qa5 Bxf3 12. Qxa7 Bc6 13. d4 Nb6 14. a4 Kd7 15. Qa5 Qb4 16. Qh5 g6
17. Qe5 Bd6 18. Qg7 Nxc4 19. Qxf7+ Be7 20. d5 Nxb2 21. Qxe6+ Ke8 22. Qe5 Rf8
23. dxc6 bxc6 24. Qxb2 Bf6 25. Rae1+ Kf7 26. Qc1 Rfe8 27. Rd1 Rxd1 28. Qxd1 Rd8
29. Qf3 Qc3 30. Qf4 Rd6 31. g4 Qd4 32. Qf3 Qd5 33. Qh3 Kg7 34. Qg3 Qd2 35. c4
Qd3 36. Qxd3 Rxd3 37. Rb1 Bd4 38. Re1 Kf6 39. Re4 Rd2 40. Kf1 Rxf2+ 41. Ke1 c5
42. Rxd4 Rxh2 43. Rd5 Rb2 44. Rxc5 Rxb3 45. Rxc7 h5 46. gxh5 gxh5 47. a5 Ra3
48. Rc6+ Ke7 49. a6 Kd7 50. Rb6 Kc7 51. Rh6 Ra4 52. Rh7+ Kc6 53. Rh6+ Kc5 54.
Rxh5+ Kc6 55. Rh6+ Kc5 56. Rh5+ Kb6 57. Rh4 Kxa6 58. Kd2 Ra3 59. Rh5 Kb6 60.
Rb5+ Kc6 61. Kc2 Rh3 62. Rg5 Rf3 1/2-1/2

[Event "120'/40 Runde1"]
[Site "zt"]
[Date "2004.09.17"]
[Round "1"]
[White "Böse, Martin"]
[Black "Hoffart, Alexander"]
[Result "0-1"]
[ECO "E76"]
[WhiteElo "1550"]
[BlackElo "1872"]
[Annotator ",Fred"]
[PlyCount "52"]
[EventDate "2004.??.??"]
[TimeControl "40/7200:0"]

{304MB, Fritz8.ctg, SCHACHCOM} 1. d4 Nf6 2.
c4 g6 3. Nc3 Bg7 4. e4 d6 5. f4 O-O 6. Nf3 Bg4 7. h3 Bxf3 8. Qxf3 Nc6 9. Be3 e5
10. d5 exf4 11. Qxf4 Ne5 12. O-O-O Nh5 13. Qf2 f5 14. Qe1 f4 15. Bf2 f3 16. g3
b6 17. Kc2 Qe7 18. Rg1 Rae8 19. Kb3 Nd7 20. Qd2 Nc5+ 21. Bxc5 bxc5 22. Bd3 Bd4
23. g4 Nf4 24. Rg3 Ng2 25. Rxg2 fxg2 26. Qxg2 Rf2 0-1

[Event "120'/40 Runde1"]
[Site "zt"]
[Date "2004.09.17"]
[Round "1"]
[White "Schwab, Matthias"]
[Black "Kelemen, Norbert"]
[Result "1-0"]
[ECO "E38"]
[WhiteElo "1862"]
[BlackElo "1542"]
[Annotator ",Fred"]
[PlyCount "69"]
[EventDate "2004.??.??"]
[TimeControl "40/7200:0"]

{304MB, Fritz8.ctg, SCHACHCOM} 1. d4 Nf6 2. c4 e6 3. Nc3 Bb4 4. Qc2 c5 5. e3
O-O 6. Nf3 d5 7. a3 Bxc3+ 8. bxc3 Nbd7 9. Bd3 dxc4 10. Bxc4 b6 11. O-O Qc7 12.
Qe2 Bb7 13. Bd3 Ng4 14. Bxh7+ Kh8 15. Ne5 Ndxe5 16. dxe5 Nh6 17. Bd3 Qxe5 18.
f4 Qd6 19. Bb2 Rad8 20. Rad1 Qc6 21. c4 Rd7 22. Rf3 f6 23. Rg3 Nf5 24. Rh3+ Kg8
25. e4 Nh6 26. Qh5 f5 27. Qg6 Ng4 28. Qh7+ Kf7 29. Bxg7 Ke8 30. Qg6+ Rff7 31.
Rh8+ Ke7 32. h3 Qxe4 33. Bf6+ Rxf6 34. Re8+ Kd6 35. Bxe4+ 1-0

[Event "120'/40 Runde1"]
[Site "zt"]
[Date "2004.09.17"]
[Round "1"]
[White "Sanna, Guiseppe"]
[Black "Heinrich, Klaus"]
[Result "1/2-1/2"]
[ECO "A84"]
[WhiteElo "1520"]
[BlackElo "1844"]
[Annotator ",Fred"]
[PlyCount "40"]
[EventDate "2004.??.??"]
[TimeControl "40/7200:0"]

{304MB, Fritz8.ctg, SCHACHCOM} 1. d4 d5 2. Nf3 e6 3. c4 c6 4. e3 f5 5. Be2 Nf6
6. Nc3 Bd6 7. b3 O-O 8. Bb2 Bd7 9. O-O Be8 10. a3 Bh5 11. Nd2 Bxe2 12. Qxe2
Nbd7 13. f3 Rc8 14. e4 dxe4 15. fxe4 fxe4 16. Ncxe4 Bb8 17. Nf3 Nxe4 18. Qxe4
Qe7 19. Rae1 Rce8 20. Re2 Qd6 1/2-1/2

[Event "120'/40 Runde1"]
[Site "zt"]
[Date "2004.09.17"]
[Round "1"]
[White "Jehle, Bernhard"]
[Black "Andritzke, Karl-Heinz"]
[Result "1-0"]
[ECO "B32"]
[WhiteElo "1817"]
[BlackElo "1490"]
[Annotator ",Fred"]
[PlyCount "75"]
[EventDate "2004.??.??"]
[TimeControl "40/7200:0"]

{304MB, Fritz8.ctg, SCHACHCOM} 1. e4 c5 2. Nf3 Nc6 3. d4 cxd4 4. c3 d3 5. c4 e6
6. Nc3 Nb4 7. Bxd3 Nxd3+ 8. Qxd3 a6 9. O-O Bc5 10. Rd1 Ne7 11. a3 O-O 12. b4
Ba7 13. Bb2 Ng6 14. c5 f6 15. Ne2 Bb8 16. g3 Kh8 17. Nfd4 Ne5 18. Qc3 Qe8 19.
f4 Qh5 20. Kg2 Nc6 21. Nf3 e5 22. Kh1 exf4 23. gxf4 Qg6 24. Qe3 Re8 25. Nc3 Qh6
26. Nd5 d6 27. Rg1 Bf5 28. Nxf6 gxf6 29. Ng5 Nd8 30. Qc3 Rf8 31. exf5 dxc5 32.
Raf1 Ba7 33. Rg3 Rc8 34. Rh3 Qg7 35. Rxh7+ Qxh7 36. Nxh7 Kxh7 37. Qh3+ Kg7 38.
Qh5 1-0

[Event "120'/40 Runde1"]
[Site "zt"]
[Date "2004.09.17"]
[Round "1"]
[White "Scholz, Michael"]
[Black "Locher, Klaus"]
[Result "0-1"]
[ECO "B20"]
[WhiteElo "1484"]
[BlackElo "1800"]
[Annotator ",Fred"]
[PlyCount "117"]
[EventDate "2004.??.??"]
[TimeControl "40/7200:0"]

{304MB, Fritz8.ctg, SCHACHCOM} 1. e4 c5 2. d3 e5 3. Nf3 Nc6 4. Be2 g6 5. a3 Bg7
6. Nc3 Nge7 7. O-O O-O 8. Be3 d6 9. Nd2 Be6 10. Bg4 f5 11. exf5 Nxf5 12. Nde4
Ncd4 13. Bxd4 cxd4 14. Ne2 h5 15. Bh3 Bd5 16. N2g3 Nxg3 17. Nxg3 Qb6 18. b4 Rf7
19. f3 Bh6 20. Qe2 Qc6 21. Ne4 Raf8 22. b5 Qb6 23. a4 Rg7 24. Kh1 Qc7 25. Rfc1
Bxc1 26. Rxc1 Bxe4 27. Be6+ Kh7 28. Qxe4 Qe7 29. Bd5 Rf4 30. Qe1 g5 31. g3 Rf8
32. Qe4+ Kh8 33. c4 b6 34. h3 Qf6 35. Kg2 g4 36. Rf1 gxh3+ 37. Kxh3 Qg5 38. Qh4
Qxh4+ 39. Kxh4 Kh7 40. Ra1 Kh6 41. a5 bxa5 42. Rxa5 Rf6 43. Ra1 Rfg6 44. Rg1
Rg5 45. Rg2 Kg6 46. Rg1 Kf6 47. Rg2 Ke7 48. Rg1 Kd7 49. Bc6+ Kc7 50. Be8 Kb6
51. Bxh5 Kc5 52. Bf7 Rxg3 53. Rxg3 Rxf7 54. Kh5 Kb4 55. Kg6 Rf4 56. Kg5 Kc3 57.
Rg1 Kxd3 58. Rc1 Rxf3 59. c5 0-1

[Event "120'/40 Runde1"]
[Site "zt"]
[Date "2004.09.17"]
[Round "1"]
[White "Dorer, Manfred"]
[Black "Bothe, Jonas"]
[Result "1-0"]
[ECO "C14"]
[WhiteElo "1799"]
[BlackElo "1430"]
[Annotator ",Fred"]
[PlyCount "91"]
[EventDate "2004.??.??"]
[TimeControl "40/7200:0"]

{304MB, Fritz8.ctg, SCHACHCOM} 1. e4 e6 2. d4 d5 3. Nc3 Nf6 4. Bg5 Be7 5. e5
Nfd7 6. Bxe7 Qxe7 7. f4 c5 8. Nb5 cxd4 9. Nd6+ Kd8 10. Qxd4 Nc6 11. Qd2 a6 12.
Nf3 f6 13. Nxc8 Rxc8 14. exf6 Qxf6 15. c3 Nc5 16. Qe3 Qe7 17. Be2 Rf8 18. Rd1
Qd6 19. g3 h6 20. a3 b5 21. O-O Rf7 22. c4 bxc4 23. Bxc4 Na5 24. Bxa6 Nxa6 25.
Ne5 Rb7 26. b4 Nc4 27. Nxc4 Rxc4 28. f5 e5 29. Qb3 Rbc7 30. Rxd5 Qxd5 31. Rd1
Rd4 32. Qxd5+ Rxd5 33. Rxd5+ Ke7 34. Rxe5+ Kf7 35. Ra5 Nb8 36. b5 Nd7 37. Ra8
Rc5 38. a4 Rxf5 39. Ra7 Ke6 40. Rb7 Nc5 41. Rb6+ Kd7 42. a5 Re5 43. a6 Re6 44.
Rxe6 Nxe6 45. a7 Nc7 46. b6 1-0

[Event "120'/40 Runde1"]
[Site "zt"]
[Date "2004.09.17"]
[Round "1"]
[White "Krauß, Reiner"]
[Black "Wendel, Walter"]
[Result "1-0"]
[ECO "B46"]
[WhiteElo "1780"]
[BlackElo "1400"]
[Annotator ",Fred"]
[PlyCount "119"]
[EventDate "2004.??.??"]
[TimeControl "40/7200:0"]

{304MB, Fritz8.ctg, SCHACHCOM} 1. e4 c5 2. Nf3 Nc6 3. d4 cxd4 4. Nxd4 a6 5. Nc3
e6 6. Nxc6 bxc6 7. Bd3 Nf6 8. Bg5 Be7 9. O-O e5 10. b3 d6 11. f4 Nd7 12. Bxe7
Qxe7 13. f5 Qg5 14. Rf3 Qd8 15. Rg3 Rg8 16. Bc4 Nf6 17. Rd3 Ke7 18. Qd2 Ra7 19.
Rd1 Rd7 20. Qe3 Qc7 21. Na4 h6 22. Nb6 Rdd8 23. a4 a5 24. Nxc8+ Qxc8 25. Qa7+
Rd7 26. Qxa5 Nxe4 27. Qe1 Nf6 28. Rxd6 Rgd8 29. Qxe5+ Kf8 30. Rxd7 Rxd7 31.
Rxd7 Qxd7 32. Bd3 Qe7 33. Qxe7+ Kxe7 34. h3 Kd6 35. Kf2 Nd5 36. Kf3 f6 37. g4
Ke5 38. a5 Kd4 39. a6 Kc5 40. Ke2 Kb6 41. Kd2 Nf4 42. Bf1 h5 43. Ke3 Nd5+ 44.
Kd4 h4 45. c4 Nb4 46. c5+ Ka7 47. Kc3 Nd5+ 48. Kb2 Ne3 49. Be2 Nd5 50. Ka3 Nf4
51. Bf1 Nd5 52. b4 Ne3 53. Be2 Nc2+ 54. Ka4 Nd4 55. Bf1 Kb8 56. b5 cxb5+ 57.
Bxb5 Nf3 58. Ka5 Ne5 59. Kb6 Nxg4 60. a7+ 1-0

[Event "120'/40 Runde1"]
[Site "zt"]
[Date "2004.09.17"]
[Round "1"]
[White "Nuber, Reinhard"]
[Black "Piontek, Carsten"]
[Result "1-0"]
[ECO "B86"]
[WhiteElo "1764"]
[BlackElo "1331"]
[Annotator ",Fred"]
[PlyCount "75"]
[EventDate "2004.??.??"]
[TimeControl "40/7200:0"]

{304MB, Fritz8.ctg, SCHACHCOM} 1. e4 c5 2. Nf3 d6 3. d4 cxd4 4. Nxd4 Nf6 5. Nc3
a6 6. Bc4 e6 7. Bb3 Be7 8. O-O O-O 9. Be3 Qc7 10. Qe2 Nbd7 11. Bxe6 Nc5 12.
Bxc8 Raxc8 13. Nd5 Nxd5 14. exd5 Rfe8 15. c3 Bg5 16. Qg4 Bxe3 17. fxe3 Re4 18.
Rf4 Rce8 19. Raf1 Rxf4 20. Qxf4 Qe7 21. Nf5 Qe5 22. Nxd6 Qxe3+ 23. Qxe3 Rxe3
24. Rd1 b5 25. Kf2 Re5 26. b3 Kf8 27. b4 Nd7 28. Nb7 Ke8 29. Nc5 Nf6 30. Nxa6
Ne4+ 31. Kf3 Nxc3 32. Rd3 Nxd5 33. Rxd5 Rxd5 34. Nc7+ Kd7 35. Nxd5 Kd6 36. Ke4
g6 37. Kd4 f5 38. Nc3 1-0

[Event "120'/40 Runde1"]
[Site "zt"]
[Date "2004.09.17"]
[Round "1"]
[White "Pletz, Bernd"]
[Black "Zierke, Markus"]
[Result "0-1"]
[ECO "A40"]
[WhiteElo "1270"]
[BlackElo "1745"]
[Annotator ",Fred"]
[PlyCount "110"]
[EventDate "2004.??.??"]
[TimeControl "40/7200:0"]

{304MB, Fritz8.ctg, SCHACHCOM} 1. d4 Nc6 2. Nf3 e6 3. c4 d5 4. Bg5 Be7 5. Bxe7
Ngxe7 6. e3 O-O 7. cxd5 exd5 8. Bd3 h6 9. O-O Nb4 10. a3 Nxd3 11. Qxd3 Bf5 12.
Qc3 Ng6 13. Nbd2 c6 14. Rfe1 Be4 15. Rac1 Re8 16. b4 Rc8 17. Qb3 Nh4 18. Qd1
Re6 19. Nxh4 Qxh4 20. Nxe4 Qxe4 21. Qc2 Qg4 22. Qd1 Qg5 23. Qf3 Rce8 24. h3 f5
25. g3 Re4 26. Kh2 Qf6 27. h4 Qd6 28. Kh3 Qd7 29. Kg2 g5 30. hxg5 hxg5 31. Qh5
Qg7 32. Kf3 R8e6 33. Qh2 Rh6 34. Qg2 Rhe6 35. Qh2 g4+ 36. Ke2 Rxd4 37. Qh4 Rde4
38. Rh1 d4 39. Rcd1 dxe3 40. Rd8+ Re8 41. Rxe8+ Rxe8 42. fxe3 Qb2+ 43. Kd1 Qb3+
44. Kc1 Qxe3+ 45. Kb2 Qe2+ 46. Kc1 Qc4+ 47. Kb1 Qb3+ 48. Kc1 Qxa3+ 49. Kb1
Qxb4+ 50. Kc1 Re1+ 51. Rxe1 Qxe1+ 52. Kb2 Qe5+ 53. Kc2 Qe6 54. Qg5+ Kf7 55. Qf4
Qe4+ 0-1

[Event "120'/40 Runde1"]
[Site "zt"]
[Date "2004.09.17"]
[Round "1"]
[White "Goda, Frederic"]
[Black "Fiedler, Peter"]
[Result "0-1"]
[ECO "D35"]
[WhiteElo "1399"]
[BlackElo "1766"]
[Annotator ",Fred"]
[PlyCount "46"]
[EventDate "2004.??.??"]
[TimeControl "40/7200:0"]

{304MB, Fritz8.ctg, SCHACHCOM} 1. d4 e6 2. c4 d5 3. Nc3 Nf6 4. cxd5 exd5 5. Bg5
Be7 6. Nf3 O-O 7. e3 c6 8. Qc2 Re8 9. Bd3 h6 10. Bxf6 Bxf6 11. O-O-O Nd7 12. g4
Nf8 13. Rdg1 g6 14. h4 Bg7 15. Ne2 Qd6 16. Nf4 Bd7 17. Ne5 Bxe5 18. dxe5 Qxe5
19. g5 d4 20. gxh6 dxe3 21. Qc4 exf2 22. Rf1 b5 23. Qc2 Qxf4+
0-1

[Event "120'/40 Runde1"]
[Site "zt"]
[Date "2004.09.17"]
[Round "1"]
[White "Dymerets, Yosup"]
[Black "Stürmer, Axel"]
[Result "0-1"]
[ECO "B01"]
[WhiteElo "1600"]
[BlackElo "1904"]
[Annotator "Fred"]
[PlyCount "120"]
[EventDate "2004.??.??"]
[TimeControl "40/7200:0"]

{304MB, Fritz8.ctg, SCHACHCOM} 1. e4 d5 2. exd5 Nf6 3. Bb5+ c6 4. dxc6 bxc6 5.
Bc4 e5 6. d3 Bc5 7. h3 O-O 8. Nc3 Re8 9. Nge2 e4 10. d4 Bd6 11. O-O Nh5 12. Ng3
Nxg3 13. fxg3 Be6 14. Bxe6 Rxe6 15. Bf4 Bb4 16. Ne2 Nd7 17. a3 Be7 18. c4 Bf6
19. Qc2 Qb6 20. Kh1 Rc8 21. Rab1 Qa6 22. g4 c5 23. d5 Rb6 24. Be3 Rb7 25. g5
Bd8 26. h4 Qd6 27. b3 Qe7 28. Ng3 Bc7 29. Qf2 g6 30. b4 cxb4 31. axb4 Bxg3 32.
Qxg3 Rxb4 33. Rbc1 Rb3 34. Qf2 Ne5 35. Qd2 Rd3 36. Qe2 h5 37. Bf4 Ng4 38. d6
Qe6 39. c5 f5 40. c6 Rxd6 41. Bxd6 Qxd6 42. Qc4+ Kf8 43. Qc5 Qxc5 44. Rxc5 Ke7
45. Kg1 Kd6 46. Rcc1 Kc7 47. Rfd1 Re8 48. Rd2 e3 49. Rdc2 Ne5 50. Kf1 f4 51.
Ke2 Re6 52. Ra1 Nxc6 53. Rxa7+ Kd6 54. Ra6 Kd5 55. Rcxc6 Rxc6 56. Rxc6 Kxc6 57.
g3 Kd5 58. gxf4 Ke4 59. f5 Kxf5 60. Kxe3 Kg4 0-1

[Event "120'/40 Runde2"]
[Site "zt"]
[Date "2004.10.01"]
[Round "2"]
[White "Locher, Klaus"]
[Black "Oberst, Thomas"]
[Result "0-1"]
[ECO "A25"]
[WhiteElo "1800"]
[BlackElo "2280"]
[Annotator ",Fred"]
[PlyCount "48"]
[EventDate "2004.??.??"]
[TimeControl "40/7200:0"]

{304MB, Fritz8.ctg, SCHACHCOM} 1. c4 e5 2. Nc3 Nc6 3. g3 g6 4. Bg2 Bg7 5. e4 d6
6. Nge2 h5 7. h3 Be6 8. d3 Qd7 9. Be3 Nd4 10. f4 c6 11. Rc1 Ne7 12. Qa4 O-O 13.
b4 f5 14. h4 fxe4 15. Nxe4 Nxe2 16. Kxe2 Bg4+ 17. Kf2 Nf5 18. Bd2 exf4 19. Bxf4
Be5 20. Ng5 Nxg3 21. Bd5+ cxd5 22. Qxd7 Bxd7 23. Kxg3 Bg4 24. Kg2 Bc8 0-1

[Event "120'/40 Runde2"]
[Site "zt"]
[Date "2004.10.01"]
[Round "2"]
[White "Fiedler, Peter"]
[Black "Lainburg, Viktor"]
[Result "1/2-1/2"]
[ECO "A41"]
[WhiteElo "1766"]
[BlackElo "2070"]
[Annotator ",Fred"]
[PlyCount "57"]
[EventDate "2004.??.??"]
[TimeControl "40/7200:0"]

{304MB, Fritz8.ctg, SCHACHCOM} 1. d4 g6 2. c4 Bg7 3. Nf3 d6 4. e4 Bg4 5. Be2
Nc6 6. Be3 e5 7. d5 Bxf3 8. Bxf3 Nd4 9. Qa4+ Kf8 10. Nd2 Ne7 11. Bd1 h6 12. Rc1
c5 13. b4 b6 14. Qa3 Kg8 15. Qb2 Kh7 16. h4 Rf8 17. Rb1 f5 18. f3 f4 19. Bf2 h5
20. a4 Ng8 21. Qc3 Nf6 22. Nb3 Rb8 23. Nc1 Nd7 24. Nd3 Qe7 25. Kf1 Bf6 26. b5
Rg8 27. Qe1 Rbf8 28. Ra1 Rf7 29. Ra2 1/2-1/2

[Event "120'/40 Runde2"]
[Site "zt"]
[Date "2004.10.01"]
[Round "2"]
[White "Schulze, Andreas"]
[Black "Schwab, Matthias"]
[Result "1-0"]
[ECO "B06"]
[WhiteElo "2060"]
[BlackElo "1862"]
[Annotator ",Fred"]
[PlyCount "99"]
[EventDate "2004.??.??"]
[TimeControl "40/7200:0"]

{304MB, Fritz8.ctg, SCHACHCOM} 1. e4 g6 2. d4 Bg7 3. Nc3 d6 4. Nf3 Nc6 5. h3 e5
6. Be3 exd4 7. Nxd4 Nxd4 8. Bxd4 Bxd4 9. Qxd4 Qf6 10. Qd2 Ne7 11. Nb5 Kd7 12.
O-O-O a6 13. Nc3 Ke8 14. f4 Kf8 15. g4 h6 16. Kb1 b5 17. Bg2 Rb8 18. e5 dxe5
19. Qd8+ Kg7 20. Qxc7 Be6 21. Qxe5 Qxe5 22. fxe5 Rhd8 23. Rd6 Rxd6 24. exd6 Nc8
25. Rd1 Nb6 26. Bc6 Bd7 27. Bxd7 Nxd7 28. Nd5 Rd8 29. Nc7 Nc5 30. Rd5 Ne4 31.
Nxa6 Rxd6 32. Nc7 Rxd5 33. Nxd5 f5 34. gxf5 gxf5 35. c4 Nd2+ 36. Kc2 Nxc4 37.
Kc3 Nd6 38. Kd4 Kf7 39. b3 Ke6 40. Nf4+ Kf6 41. a3 Kg5 42. Ne6+ Kf6 43. Nc7 f4
44. Nd5+ Kf5 45. Kc5 f3 46. Ne3+ Ke4 47. Nf1 f2 48. Kxd6 Kf3 49. Ke5 Ke2 50.
Nh2 1-0

[Event "120'/40 Runde2"]
[Site "zt"]
[Date "2004.10.01"]
[Round "2"]
[White "Huppertz, Anton"]
[Black "Neidlinger, Markus"]
[Result "0-1"]
[ECO "E70"]
[WhiteElo "1172"]
[BlackElo "2000"]
[Annotator ",Fred"]
[PlyCount "57"]
[EventDate "2004.??.??"]
[TimeControl "40/7200:0"]

{304MB, Fritz8.ctg, SCHACHCOM} 1. d4 g6 2. c4 Bg7 3. Nc3 d6 4. e4 Nf6 5. Bd3
O-O 6. Nge2 c6 7. Be3 Ng4 8. Qd2 Nxe3 9. Qxe3 Qb6 10. b3 Nd7 11. Rc1 e5 12. d5
Qxe3 13. fxe3 Bh6 14. Kd2 f5 15. exf5 gxf5 16. Rhf1 Nf6 17. h3 Nh5 18. Nd1 Bd7
19. dxc6 bxc6 20. Ke1 Rf7 21. g3 Re8 22. Kd2 f4 23. gxf4 exf4 24. Rf3 fxe3+ 25.
Rxe3 Rf3 26. Bxh7+ Kxh7 27. Rcc3 Ng7 28. Nd4 Rxh3 29. b4 0-1

[Event "120'/40 Runde2"]
[Site "zt"]
[Date "2004.10.01"]
[Round "2"]
[White "Gebhardt, Uwe"]
[Black "Dorer, Manfred"]
[Result "1/2-1/2"]
[ECO "E32"]
[WhiteElo "1980"]
[BlackElo "1799"]
[Annotator ",Fred"]
[PlyCount "118"]
[EventDate "2004.??.??"]
[TimeControl "40/7200:0"]

{304MB, Fritz8.ctg, SCHACHCOM} 1. d4 Nf6 2. c4 e6 3. Nc3 Bb4 4. Qc2 O-O 5. Bd2
c5 6. Nf3 Nc6 7. dxc5 Bxc5 8. g3 Be7 9. Bg2 d5 10. cxd5 Nb4 11. Qb3 Nbxd5 12.
O-O Qb6 13. Nxd5 Nxd5 14. Qxb6 Nxb6 15. Rac1 Bf6 16. Bc3 Bxc3 17. Rxc3 Nd5 18.
Rcc1 b6 19. Nd4 Bb7 20. Nc6 Bxc6 21. Rxc6 Rad8 22. a3 Nf6 23. Rc2 g6 24. Bf3
Rd7 25. Rfc1 Rfd8 26. e3 Rd2 27. Kf1 Kf8 28. Ke1 Rxc2 29. Rxc2 Ke7 30. Be2 Rd5
31. b4 Kd8 32. Ba6 Kd7 33. Ke2 h6 34. f3 Kd8 35. Rc8+ Ke7 36. g4 Rd8 37. Rc7+
Rd7 38. Rc2 Nd5 39. f4 Rc7 40. Rxc7+ Nxc7 41. Bc4 b5 42. Bd3 a6 43. e4 f6 44.
Ke3 g5 45. fxg5 hxg5 46. Bc2 e5 47. Bb3 Kd6 48. Kf3 Ne6 49. Bd1 Nd4+ 50. Kg3
Ke6 51. h4 gxh4+ 52. Kxh4 Kf7 53. Kh5 Kg7 54. a4 bxa4 55. Bxa4 Ne6 56. Bc6 Nd4
57. Bb7 Ne6 58. Bxa6 Nd4 59. Bc4 Nc2 1/2-1/2